 Dungeon Crawl Stone Soup version 0.26.0-10-g1f06aea511 (webtiles) character file.

Game seed: 9635500215587674018

429 Borgoz the Skirmisher (level 6, -5/40 HPs)
             Began as a Gargoyle Berserker on Jan 17, 2021.
             Was a Believer of Trog.
             Killed by divine providence
             ... invoked by an orc priest
              (17 damage)
             ... on level 4 of the Dungeon.
             The game lasted 00:03:31 (3461 turns).

Borgoz the Skirmisher (Gargoyle Berserker)          Turns: 3461, Time: 00:03:31

Health: -5/40      AC: 15    Str: 20    XL:     6   Next: 98%
Magic:  6/6        EV: 12    Int:  8    God:    Trog [**....]
Gold:   159        SH:  0    Dex: 11    Spells: 5/5 levels left

rFire    + . .     SeeInvis .   a - +0 mace
rCold    . . .     Faith    .   (no shield)
rNeg     + . .     Spirit   .   l - +2 ring mail {rF+}
rPois    ∞         Reflect  .   p - +0 helmet
rElec    +         Harm     .   k - +0 cloak
rCorr    .         Rampage  .   m - +0 pair of gloves
Will     ++...                  (no boots)
Stlth    +.........             (no amulet)
HPRegen  1.13/turn              (no ring)
MPRegen  0.10/turn              (no ring)

@: berserk cooldown, regenerating, slowed, very slow
A: negative energy resistance 1, electricity resistance, unbreathing,
petrification resistance, miasma immunity, AC +4
a: Renounce Religion, Berserk, Trog's Hand


You were on level 4 of the Dungeon.
You worshipped Trog.
Trog was pleased with you.
You visited 1 branch of the dungeon, and saw 4 of its levels.

You collected 159 gold pieces.

Inventory:

Hand Weapons
 a - a +0 mace (weapon)
Armour
 k - a +0 cloak (worn)
 l - a +2 ring mail of fire resistance (worn)
 m - a +0 pair of gloves (worn)
 p - a +0 helmet (worn)
Scrolls
 d - 2 scrolls of magic mapping {unknown}
 g - 2 scrolls of identify {unknown}
 h - 2 scrolls of enchant armour
 r - a scroll of remove curse
 s - a scroll of noise {unknown}
Potions
 b - 2 potions of magic {unknown}
 c - a potion of heal wounds {unknown}
 e - 5 potions of curing {unknown}
 f - a potion of brilliance {unknown}
 i - a potion of attraction {unknown}
 j - a potion of invisibility {unknown}
 n - a potion of might {unknown}
 o - 3 potions of degeneration {unknown}
 q - a potion of flight {unknown}
 t - a potion of ambrosia {unknown}


   Skills:
 + Level 5.0 Fighting
 + Level 4.5 Maces & Flails
 + Level 4.3 Armour
 + Level 3.2 Dodging


You had 5 spell levels left.
You didn't know any spells.
Your spell library was empty.

Dungeon Overview and Level Annotations

Branches:
Dungeon (4/15)
 Temple: D:4-7

Altars:
Nemelex Xobeh

Annotations:
D:4 Menkaure


Innate Abilities, Weirdness & Mutations

You are resistant to torment.
Your stone body is resilient. (AC +4)
You are immune to poison.
You resist negative energy. (rN+)
You are resistant to electric shocks. (rElec)
You can survive without breathing.
You are immune to petrification.
You are immune to miasma.


Message History

You hear some strange, mumbled words.
Something tries to affect you, but you resist.
You hit Menkaure but do no damage.
Menkaure is severely damaged.
Menkaure closely misses you.
The orc priest hits you but does no damage.
Menkaure calls on the powers of darkness!
The orc priest convulses!
Your body is wracked with pain!
* * * LOW HITPOINT WARNING * * *
The orc wizard convulses! x2; The orc convulses!
Something hits you but does no damage.
The orc wizard hits you but does no damage. x2
You hit Menkaure but do no damage.
Menkaure is severely damaged.
The orc wizard hits you but does no damage.
Menkaure gestures at you while chanting.
You resist with almost no effort.
The orc priest invokes the aid of Beogh against you.
Beogh smites you!
You die...

##########
.........#
.........#########
..................
#......<..........
#..........†.....#
.....##..oo......#
..## #.o{@o.....#
. #####M......
....... .......
....... .....#.
.....# ..<...


You could see Menkaure (fast), an orc priest, 2 orc wizards and an orc.

Vanquished Creatures
  Sigmund (D:3)
  2 orc wizards (D:3)
  A centaur skeleton (D:2)
  Natasha (thrice) (D:3)
  A worker ant (D:4)
  Robin (D:3)
  3 adders (D:2)
  An ooze (D:3)
  2 leopard geckos
  2 orcs (D:3)
  4 ball pythons
  A giant cockroach (D:1)
  13 goblins
  4 hobgoblins
  2 bats
  A frilled lizard (D:2)
  5 kobolds
  8 rats
55 creatures vanquished.

Notes
Turn   | Place    | Note
-------+----------+-------------------------------------------
     0 | D:1      | Borgoz the Gargoyle Berserker began the quest for the Orb.
     0 | D:1      | Reached XP level 1. HP: 14/14 MP: 1/1
   450 | D:1      | Reached XP level 2. HP: 19/19 MP: 2/2
   771 | D:1      | Found a sparkling altar of Nemelex Xobeh.
  1394 | D:2      | Reached XP level 3. HP: 24/24 MP: 3/3
  1705 | D:2      | Reached XP level 4. HP: 22/29 MP: 4/4
  1890 | D:2      | Reached ** piety under Trog
  1913 | D:2      | Reached skill level 4 in Fighting
  2238 | D:3      | Noticed Natasha
  2251 | D:3      | Killed Natasha
  2270 | D:3      | Noticed Sigmund
  2272 | D:3      | Noticed Natasha
  2281 | D:3      | Killed Sigmund
  2282 | D:3      | Reached XP level 5. HP: 34/34 MP: 5/5
  2282 | D:3      | Reached XP level 6. HP: 39/39 MP: 6/6
  2288 | D:3      | Killed Natasha
  2297 | D:3      | Noticed Robin
  2409 | D:3      | Noticed Natasha
  2420 | D:3      | Killed Natasha
  2541 | D:3      | Killed Robin
  2542 | D:3      | Reached skill level 5 in Fighting
  3443 | D:4      | Noticed Menkaure
  3461 | D:4      | Killed from afar by an orc priest

Illustrated notes

Levels and vault maps discovered:
D:1:      dpeg_arrival_erosion, layout_basic, ebering_dispersal_statue_hall,
          nemelex_altar_shiori
D:2:      layout_basic
D:3:      layout_basic, uniq_natasha, uniq_sigmund, uniq_robin
D:4:      layout_rooms, corexii_corridor_pit, uniq_menkaure, uniq_edmund

Skill      XL: |  1  2  3  4  5  6 |
---------------+-------------------+-----
Dodging        | 2 3 |  3.2
Armour         | 3 4 |  4.3
Fighting       | 4 5 |  5.0
Maces & Flails | 4 |  4.5

Action                   |  1- 3 |  4- 6 || total
-------------------------+-------+-------++-------
Melee: Mace              |    91 |   158 ||   249
Invok: Berserk           |       |     3 ||     3
       Trog's Hand       |       |     2 ||     2
  Use: Scroll            |       |     5 ||     5
Armor: Animal skin       |     4 |       ||     4
       Scale mail        |    28 |       ||    28
       Ring mail         |    40 |   172 ||   212
Dodge: Dodged            |    60 |   200 ||   260
